 Dungeon Crawl Stone Soup version 0.29.1-1-gd02db6906a (webtiles) character file.

Game seed: 6230980082656143250

1395 Ashen the Magician (level 8, 59/59 HPs)
             Began as a Demonspawn Hedge Wizard on Oct 11, 2022.
             Was an Initiate of Vehumet.
             Got out of the dungeon alive.
             The game lasted 00:15:29 (8779 turns).

Ashen the Magician (Demonspawn Hedge Wizard)        Turns: 8779, Time: 00:15:29

Health: 59/59      AC:  3    Str: 11    XL:     8   Next: 41%
Magic:  25/25      EV: 13    Int: 18    God:    Vehumet [......]
Gold:   388        SH:  4    Dex: 12    Spells: 9/18 levels left

rFire   . . .      SeeInvis .   G - +0 rapier
rCold   . . .      Faith    .   (no shield)
rNeg    . . .      Spirit   .   b - +0 robe
rPois   .          Reflect  .   c - +0 hat
rElec   .          Harm     .   (no cloak)
rCorr   .          Rampage  .   (no gloves)
Will    .....                   (no boots)
Stlth   ++........              (no amulet)
HPRegen 0.19/turn               w - ring of magical power
MPRegen 0.19/turn               (no ring)

@: no status effects
A: spiny 1, sharp scales 1, condensation shield, demonic touch 1
a: Renounce Religion


You escaped.
You worshipped Vehumet.
Vehumet was noncommittal.
You visited 2 branches of the dungeon, and saw 7 of its levels.

You collected 388 gold pieces.

Inventory:

Hand Weapons
 G - a +0 rapier (weapon)
Missiles
 k - 2 throwing nets
Armour
 a - a +0 buckler
 b - a +0 robe (worn)
 c - a +0 hat (worn)
Jewellery
 w - a ring of magical power (left hand)
 x - a ring of ice
 A - an amulet of guardian spirit
 B - a ring of willpower
 C - a ring of protection from fire
 H - a +6 ring of strength
Wands
 z - a wand of flame (25)
 J - a wand of digging (6)
Scrolls
 e - 4 scrolls of blinking {unknown}
 g - 2 scrolls of vulnerability {unknown}
 h - 7 scrolls of identify {unknown}
 i - a scroll of amnesia {unknown}
 p - 2 scrolls of enchant weapon {unknown}
 s - a scroll of fear {unknown}
 v - a scroll of summoning {unknown}
 y - a scroll of fog {unknown}
 D - a scroll of teleportation {unknown}
 E - a scroll of immolation {unknown}
 F - a scroll of poison {unknown}
 I - a scroll of noise {unknown}
 K - a scroll of enchant armour {unknown}
Potions
 d - a potion of magic
 f - a potion of invisibility {unknown}
 j - 2 potions of curing
 l - 2 potions of heal wounds {unknown}
 m - 2 potions of brilliance
 n - 2 potions of degeneration {unknown}
 o - a potion of mutation {unknown}
 q - 3 potions of haste {unknown}
 r - 3 potions of lignification {unknown}
 t - a potion of ambrosia {unknown}
 u - a potion of might {unknown}


   Skills:
 + Level 3.6 Fighting
 + Level 3.8 Dodging
 + Level 4.2 Stealth
 * Level 5.9 Spellcasting
 * Level 5.5 Conjurations
 - Level 1.0 Summonings
 - Level 0.8 Translocations


You had 9 spell levels left.
You knew the following spells:

 Your Spells              Type           Power      Damage    Failure   Level
a - Magic Dart            Conj           100%       1d8       1%          1
b - Slow                  Hex            20%        N/A       12%         1
c - Blink                 Tloc           16%        N/A       13%         2
d - Call Imp              Summ           8%         N/A       12%         2
e - Mephitic Cloud        Conj/Pois/Air  11%        N/A       17%         3

Your spell library contained the following spells:

 Spells                   Type           Power      Damage    Failure   Level
 Apportation              Tloc           16%        N/A       9%          1
 Sting                    Tmut/Pois      20%        1d4       12%         1
 Conjure Flame            Conj/Fire      15%        6-21      12%         3
 Poisonous Vapours        Pois/Air       10%        N/A       19%         2
 Corpse Rot               Necr/Pois/Air  5%         N/A       77%         4
 Olgreb's Toxic Radiance  Pois           5%         N/A       77%         4
 Alistair's Intoxication  Tmut/Pois      3%         N/A       98%         5


Dungeon Overview and Level Annotations

Branches:
Dungeon (6/15)             Temple (1/1) D:4

Altars:
Ashenzari
Cheibriados
Dithmenos
Fedhas
Gozag
Hepliaklqana
Kikubaaqudgha
Makhleb
Nemelex Xobeh
Okawaru
Qazlal
Ru
Sif Muna
Trog
Uskayaw
Vehumet
Wu Jian
Xom

Shops:
D:5 (

Annotations:
D:4 3 runed translucent doors, Badistic's ghost, amateur GnBe


Innate Abilities, Weirdness & Mutations

You are partially covered in sharp spines.
You are partially covered in razor-sharp scales. (AC +1, Slay +1)
A meltable shield of frost defends you. (SH +4)
Your touch may inflict minor irresistible damage on your foes.


Message History

Done exploring.
Done exploring.
Done exploring.
Okay, then.
Things that are here:
a +0 robe; a +0 dagger You see here an iguana corpse.
There is a stone staircase leading up here.
You climb upwards.
There is a stone staircase leading down here.
(D) Dungeon (T) Temple
Where to? (Enter - D:6 @ (x,y), ? - help)
What level of the Dungeon? (default 1, ? - help)
There is an open door here.
There is an open door here.
There is an open door here.
There is a stone staircase leading up here.
You climb upwards.
Level annotation: 3 runed translucent doors, Badistic's ghost, amateur GnBe
There is a stone staircase leading down here.
There is an open door here.
There is a stone staircase leading up here.
You climb upwards.
There is a stone staircase leading down here.
There is an open door, spattered with blood here.
Things that are here:
a +0 whip; a +0 club
There is a stone staircase leading up here.
You climb upwards.
There is a stone staircase leading down here.
You see here a +0 club.
There is a stone staircase leading up here.
You climb upwards.
There is a stone staircase leading down here.
You see here a +0 dagger.
You enter the shallow water.
Moving in this stuff is going to be slow.
There is a staircase leading out of the dungeon here.
Are you sure you want to leave the Dungeon?
This will make you lose the game!
You have escaped!

### ##@# ##
##..#
#≈###...##
#≈≈≈#....#
#≈≈≈≈~~..#####
###~≈~~≈~≈≈≈≈#
##..~~~~≈≈≈≈#
#
#.......##≈≈#
# ##........#
##


There were no monsters in sight!

Vanquished Creatures
  A water moccasin (D:5)
  A sky beast (D:6)
  A black bear (D:6)
  A centaur (D:6)
  A bullfrog (D:6)
  A phantom (D:6)
  A scorpion (D:5)
  2 orc priests
  6 hounds
  A jelly (D:5)
  Ijyb (D:3)
  3 iguanas
  7 orc wizards (D:6)
  3 gnolls
  5 adders
  2 white imps
  2 ufetubi (D:5)
  A worm (D:2)
  3 dart slugs
  18 orcs
  13 ball pythons
  5 endoplasms
  2 giant cockroaches
  4 goblins
  8 hobgoblins
  2 quokkas
  2 bats
  2 frilled lizards
  2 kobolds
  2 rats
103 creatures vanquished.

Vanquished Creatures (collateral kills)
  A scorpion (D:4)
  3 gnolls
  An orc (D:3)
5 creatures vanquished.

Vanquished Creatures (others)
  A wizard (D:4)
  8 bushes (D:6)
  15 fungi (D:4)
24 creatures vanquished.

Grand Total: 132 creatures vanquished

Notes
Turn   | Place    | Note
-------+----------+-------------------------------------------
     0 | D:1      | Ashen the Demonspawn Hedge Wizard began the quest for the
                  | Orb.
     0 | D:1      | Reached XP level 1. HP: 13/13 MP: 4/4
   297 | D:1      | Gained mutation: You are partially covered in sharp spines.
                  | [demonic ancestry]
   297 | D:1      | Reached XP level 2. HP: 20/20 MP: 1/6
   417 | D:1      | Found a faded altar of an unknown god.
  1287 | D:2      | Gained mutation: You are partially covered in razor-sharp
                  | scales. (AC +1, Slay +1) [demonic ancestry]
  1287 | D:2      | Reached XP level 3. HP: 15/25 MP: 2/7
  1883 | D:2      | Reached skill level 1 in Fighting
  2309 | D:2      | Gained mutation: Your touch may inflict minor irresistible
                  | damage on your foes. [demonic ancestry]
  2309 | D:2      | Reached XP level 4. HP: 31/32 MP: 6/9
  2639 | D:2      | Learned a level 1 spell: Slow
  2642 | D:2      | Learned a level 2 spell: Blink
  2645 | D:2      | Learned a level 2 spell: Call Imp
  2649 | D:2      | Learned a level 3 spell: Mephitic Cloud
  2868 | D:3      | Reached XP level 5. HP: 11/37 MP: 10/10
  3840 | D:4      | Noticed Ijyb
  3849 | D:3      | Killed Ijyb
  4191 | D:4      | Reached XP level 6. HP: 40/44 MP: 12/12
  4269 | D:4      | Found a staircase to the Ecumenical Temple.
  4280 | Temple   | Entered the Ecumenical Temple
  4377 | D:4      | Found a runed translucent gate.
  4378 | D:4      | Found a runed translucent gate.
  4378 | D:4      | Found a runed translucent gate.
  4382 | D:4      | Noticed Badistic's ghost (amateur GnBe)
  4595 | D:4      | Found a shimmering blue altar of Sif Muna.
  4752 | D:4      | Found a bloodstained altar of Trog.
  4775 | D:4      | Noticed a wizard
  4779 | D:4      | Killed a wizard
  5097 | D:5      | Entered Level 5 of the Dungeon
  5097 | D:5      | Found Iwuilak's Weapon Boutique.
  5532 | D:5      | Reached XP level 7. HP: 35/51 MP: 14/14
  6123 | D:5      | Reached skill level 5 in Spellcasting
  7184 | D:6      | HP: 2/52 [something/magic dart (6)]
  7590 | D:6      | Gained mutation: A meltable shield of frost defends you.
                  | (SH +4) [demonic ancestry]
  7590 | D:6      | Reached XP level 8. HP: 41/58 MP: 16/16
  7627 | D:6      | Reached skill level 5 in Conjurations
  8438 | D:6      | Found a stormy altar of Qazlal.
  8439 | D:6      | Found a radiant altar of Vehumet.
  8446 | D:6      | Became a worshipper of Vehumet
  8779 | D:$      | Got out of the dungeon alive.

Illustrated notes

Levels and vault maps discovered:
D:1:      eino_arrival_cavern_b, layout_basic, nicolae_ecumenical_snake_handling
D:2:      layout_loops_ring, st_stairs_12
D:3:      layout_basic, hangedman_feature_mirror
D:4:      layout_loops_corners, mainiacjoe_overflow_cross_hatched, trog_wizard,
          ebering_ghost_rock_garden, uniq_ijyb
D:5:      layout_gridville, serial_shops, nicolae_square_shop
D:6:      minmay_klotski, layout_basic,
          chequers_temple_overflow_statue_of_worship,
          minmay_a_box_with_orc_wizards_in_it
Temple:   eino_wide_crystal_templ

Skill      XL: |  1  2  3  4  5  6  7  8 |
---------------+-------------------------+-----
Stealth        | 2 3 4 |  4.2
Dodging        | 2 3 |  3.8
Conjurations   | 2 3 4 5 |  5.5
Fighting       | 1 2 3 |  3.6
Spellcasting   | 4 5 |  5.9
Summonings     | |  1.0
Translocations | |  0.8

Action                   |  1- 3 |  4- 6 |  7- 9 || total
-------------------------+-------+-------+-------++-------
Melee: Dagger            |    38 |       |       ||    38
       Falchion          |     1 |    48 |       ||    49
       Touch             |       |     7 |     8 ||    15
       Rapier            |       |       |    41 ||    41
       Punch             |       |       |     1 ||     1
 Cast: Magic Dart        |    64 |    77 |    79 ||   220
       Mephitic Cloud    |       |     3 |    10 ||    13
       Call Imp          |       |     5 |    12 ||    17
       Slow              |       |     4 |     2 ||     6
       Blink             |       |     1 |     5 ||     6
  Use: Potion            |       |       |     2 ||     2
 Stab: Sleeping          |     3 |     4 |       ||     7
       Distracted        |       |     5 |       ||     5
       Confused          |       |       |     3 ||     3
Armor: Robe              |     6 |    10 |    10 ||    26
Dodge: Dodged            |    24 |    45 |    45 ||   114
Block: Other             |       |       |     1 ||     1
